 Dungeon Crawl Stone Soup version 0.27.1-36-g1b1ada6b1e (webtiles) character file.

Game seed: 8198702915221320218

353 KleinerIrrer the Insei (level 6, 0/42 HPs)
             Began as an Octopode Delver on Feb 5, 2023.
             Slain by a jackal (2 damage)
             ... on level 5 of the Dungeon.
             The game lasted 00:03:30 (1152 turns).

KleinerIrrer the Insei (Octopode Delver)            Turns: 1152, Time: 00:03:31

Health: 0/42       AC:  1    Str: 12    XL:     6   Next: 62%
Magic:  6/6        EV: 12    Int: 14    God:
Gold:   27         SH:  0    Dex: 13    Spells: 5/5 levels left

rFire    . . .     SeeInvis .     - Unarmed
rCold    . . .     Faith    .   b - +0 buckler
rNeg     . . .     Spirit   .   (helmet restricted)
rPois    .         Reflect  +   g - amulet of reflection
rElec    .         Harm     .   (no ring)
rCorr    .         Rampage  .   (no ring)
Will     .....                  (no ring)
Stlth    ++........             (no ring)
HPRegen  0.14/turn              (no ring)
MPRegen  0.10/turn              (no ring)
                                (no ring)
                                (no ring)

@: confused, attractive, hasted, very quick
A: almost no armour, amphibious, 8 rings, camouflage 1, gelatinous body 1,
(nimble swimmer 1), tentacles
a: no special abilities


You were on level 5 of the Dungeon.
You visited 1 branch of the dungeon, and saw 3 of its levels.

You collected 27 gold pieces.

Inventory:

Armour
 b - a +0 buckler (worn)
Jewellery
 g - an amulet of reflection (around mantle)
Wands
 e - a wand of digging (3)
Scrolls
 a - a scroll of fog
 c - a scroll of fear
Potions
 d - a potion of haste


   Skills:
 - Level 3.0 Fighting
 - Level 2.0 Dodging
 - Level 6.6 Stealth
 + Level 0.2 Shields
 + Level 6.8 Unarmed Combat


You had 5 spell levels left.
You didn't know any spells.
Your spell library was empty.

Dungeon Overview and Level Annotations

Branches:
Dungeon (5/15)
 Temple: D:4-7

Altars:
Kikubaaqudgha
Nemelex Xobeh
Yredelemnul


Innate Abilities, Weirdness & Mutations

You cannot wear most types of armour.
You are amphibious.
You can wear up to eight rings at the same time.
Your skin changes colour to match your surroundings (Stealth+).
Your rubbery body absorbs attacks. (AC +1, EV +1)
((You are camouflaged near water. (Stealth+)))
You have tentacles for arms and can constrict up to eight enemies at once.


Message History

You're too confused to move!
You constrict the orc wizard. The jackal closely misses you.
The jackal bites you.
The orc wizard gestures at you while chanting.
The magic dart hits you. The jackal misses you. The jackal closely misses you.
You release your grip on the orc wizard.
The jackal bites you.
You miss the orc wizard. Your squeeze misses the orc wizard.
The orc wizard is severely wounded.
The jackal bites you. The jackal closely misses you.
The orc wizard casts a spell at you. The magic dart hits you.
The jackal bites you.
You closely miss the orc wizard.
The orc wizard is severely wounded.
The jackal bites you.
The orc wizard gestures at you while chanting.
You are more confused.
The jackal bites you. The jackal barely misses you.
You miss the orc wizard.
The orc wizard is severely wounded.
The jackal completely misses you. The orc wizard casts a spell at you.
You resist with some effort. The jackal bites you.
It was a potion of attraction.
You feel attractive to monsters.
The jackal bites you but does no damage.
The jackal misses you. The orc wizard barely misses you. The jackal bites you.
* * * LOW HITPOINT WARNING * * *
You feel yourself speed up. The jackal bites you.
* * * LOW HITPOINT WARNING * * *
The orc wizard points at you and mumbles some strange words.
The magic dart hits you.
* * * LOW HITPOINT WARNING * * *
The jackal barely misses you. The jackal closely misses you.
You are too confused!
The jackal bites you.
* * * LOW HITPOINT WARNING * * *
The orc wizard points at you and mumbles some strange words.
You are more confused.
The jackal bites you.
You die...

##^._.^## ..#.(..........#
#.......## ..#............#
..^......## .Y.#.....<......#
^.#####^..#....#............#
.'#.#.#'.##... #....#########
##..#..###..####....##
...###...............#
.....................#
...#............@....#
..##....##....##hh...# ..
#....########o....# ..
#.....# #)....# ...#.....#
......... ...#.....#
........... ..##....##
.##......... ..##....## ..
#.......## ..##.....# ..
#.......#


You could see an orc wizard and 2 jackals.

Vanquished Creatures
  3 scorpions
  A hound (D:4)
  2 orc priests (D:5)
  A bullfrog skeleton (D:4)
  A howler monkey zombie (D:5)
  2 gnolls
  2 adders (D:4)
  An adder skeleton (D:5)
  An orc (D:5)
  2 endoplasms (D:4)
  A giant cockroach (D:4)
  A quokka (D:4)
  A ball python (D:3)
  A kobold (D:4)
20 creatures vanquished.

Vanquished Creatures (others)
  12 plants (D:4)
  2 withered plants (D:4)
14 creatures vanquished.

Grand Total: 34 creatures vanquished

Notes
Turn   | Place    | Note
-------+----------+-------------------------------------------
     0 | D:5      | KleinerIrrer the Octopode Delver began the quest for the
                  | Orb.
     0 | D:5      | Reached XP level 1. HP: 16/16 MP: 1/1
    44 | D:5      | Found a sparkling altar of Nemelex Xobeh.
    58 | D:5      | Noticed a sky beast
    95 | D:5      | Noticed a scorpion
    99 | D:5      | Noticed a scorpion
   106 | D:5      | Killed a scorpion
   107 | D:5      | Reached XP level 2. HP: 18/21 MP: 2/2
   107 | D:5      | Reached XP level 3. HP: 23/26 MP: 3/3
   155 | D:5      | Killed a scorpion
   156 | D:5      | Reached skill level 5 in Unarmed Combat
   156 | D:5      | Reached XP level 4. HP: 31/31 MP: 4/4
   156 | D:5      | Reached XP level 5. HP: 36/36 MP: 5/5
   534 | D:4      | Reached XP level 6. HP: 20/42 MP: 6/6
   891 | D:4      | Found a basalt altar of Yredelemnul.
   892 | D:4      | Found an ancient bone altar of Kikubaaqudgha.
  1151 | D:5      | HP: 2/42 [jackal (3)]
  1152 | D:5      | Slain by a jackal

Illustrated notes

Levels and vault maps discovered:
D:3:      layout_loops_ring, mainiacjoe_overflow_alcove_1
D:4:      layout_loops_corners, lemuel_crystal_altar, kiku_gazebo_garden_becter,
          chequers_big_river
D:5:      layout_gridville, nemelex_spade_bored_becter, grunt_ministairs_12

Skill      XL: |  1  2  3  4  5 |
---------------+----------------+-----
Unarmed Combat | 4 5 6 |  6.8
Fighting       | |  3.0
Dodging        | |  2.0
Stealth        | |  6.6
Shields        | |  0.2

Action                   |  1- 3 |  4- 6 || total
-------------------------+-------+-------++-------
Melee: Unarmed           |    11 |    57 ||    68
       Tentacles         |     3 |    12 ||    15
       Constrict         |     2 |    13 ||    15
       Punch             |     1 |     3 ||     4
  Use: Scroll            |       |     1 ||     1
       Potion            |       |     2 ||     2
 Stab: Sleeping          |     1 |     4 ||     5
Armor: Skin              |       |     3 ||     3
Dodge: Dodged            |     9 |    42 ||    51
Block: Buckler           |       |    10 ||    10
